[Event "Fredericia WIM 2022"]
[Site "Fredericia"]
[Date "2022.05.29"]
[Round "9.3"]
[White "Goossens, Hanne"]
[Black "Andersson, Christin"]
[Result "0-1"]
[ECO "C05"]
[WhiteElo "2184"]
[BlackElo "2028"]
[Annotator "TA"]
[PlyCount "122"]
[EventDate "2022.05.25"]
[EventType "tourn"]
[EventCountry "DEN"]
[SourceTitle "playchess.com"]
[Source "ChessBase"]
[SourceQuality "1"]
[TimeControl "40/5400+30:1800+30"]

1. e4 e6 2. d4 d5 3. Nd2 Nf6 4. e5 Nfd7 5. Bd3 c5 6. c3 Nc6 7. Ne2 Qb6 8. Nf3 f6 9. exf6 Nxf6 10. O-O Bd6 11. Bf4 {[%emt 0:05:29] C06: French Tarrasch: 3...Nf6 4 e5 Nfd7 5 Bd3 main lines.} Bxf4 12. Nxf4 c4 (12... O-O $14) 13. Bc2 $1 $16 {[%emt 0:01:41] White is better.} Qxb2 {[%emt 0:05:08] [#]} 14. Qe2 $146 ({Predecessor:} 14. Qd2 Qb6 15. Rae1 O-O 16. Ng5 Nd8 17. Re3 Nf7 18. Ngxe6 Bxe6 19. Rxe6 Qa5 20. Rfe1 Ng5 21. R6e5 Nge4 22. Bxe4 Nxe4 23. R1xe4 {1-0 (23) Szikszai,B (2133)-Thierry,E (1718) Eger 2021}) 14... Ne4 $2 {[%emt 0:00:55] [#]} (14... Qxc3 $2 15. Nxe6 Kf7 16. Nfg5+ Kg8 17. Nc7 $18) (14... Qa3 $16) 15. Rfb1 $2 (15. Ng5 $1 $18 {[%mdl 512] is the precise move to win.}) 15... Qxc3 16. Bxe4 dxe4 17. Qxe4 O-O 18. Ng5 (18. Nxe6 $16 Bxe6 19. Rc1 (19. Qxe6+ Kh8 $14)) 18... Rf5 $11 19. Nf3 Bd7 20. Nxe6 Qd3 21. Qxd3 cxd3 22. Nc5 $36 {[%emt 0:12:24][%cal Be6c5,Bc5d7,Bd7e5,Be5d3][%mdl 2080] Black is under pressure. Pair of Knights!} Nxd4 23. Nxd7 Nc2 24. Nde5 $1 (24. Nh4 $2 Rd5 25. Nf3 Nxa1 $19) 24... Rd8 {[%emt 0:04:05] aiming for ...d2.} 25. Rd1 Nxa1 26. Rxa1 b5 (26... d2 $5 27. Rd1 Rf4 $11) 27. Rd1 Rd5 (27... d2 $1 $11 {keeps the balance.}) 28. Nxd3 $16 a5 29. Kf1 Rf6 30. Ke2 Re6+ 31. Kd2 $1 b4 32. Rc1 h6 33. Rc7 Rg6 34. g3 (34. Nfe1 $16) 34... Rf6 $11 35. Ke3 {[%emt 0:03:37] [#]} (35. Rc8+ $11 Kh7 36. Nfe5 (36. Ke3 Rxd3+ 37. Kxd3 Rxf3+ 38. Ke2 Ra3 $17) 36... Rxf2+ 37. Ke3 Rxh2 38. Ke4) 35... Rxd3+ $1 $15 36. Kxd3 Rxf3+ {[%emt 0:00:17][%mdl 4096] Endgame KR-KR} 37. Ke2 Ra3 38. Rc2 Kf7 39. h4 ({White should try} 39. Kd1 $15) 39... Ke6 $17 40. Rd2 Ke5 41. f3 a4 42. Rb2 $2 {[%emt 0:00:47] [#]} (42. h5 $17) 42... b3 $1 $19 43. axb3 ({Wrong is} 43. f4+ $2 Kd4 44. axb3 (44. Rd2+ $2 Ke4 $19) 44... axb3 $19) 43... Rxb3 44. Rd2 Rb6 (44... g6 $17 {And now ...a3 would win.} 45. Rd8 a3) 45. Rd7 $2 {[%emt 0:03:53][%mdl 8192] [#]} (45. Ra2 $11 {and White has nothing to worry.}) 45... Ra6 $1 {[%emt 0:00:43] White must now prevent ...a3.} 46. f4+ Kf6 47. Rd2 a3 48. Ra2 Ra4 $2 (48... h5 49. Ke3 Ra8) 49. Kf3 (49. h5 {is a better defense.} Kf5 50. Kf3) 49... h5 {[%emt 0:00:44] Strongly threatening ...Ke6.} 50. Kf2 (50. g4 $142 hxg4+ 51. Kxg4) 50... Ke6 51. Ke3 Kd5 52. Kd3 Ra7 53. f5 Ke5 54. Ke3 Kxf5 {[%emt 0:00:22] Threatens to win with ...Ra5.} 55. Kf3 Ra4 56. Ke3 Ke5 57. Kf3 Kd5 {[%emt 0:00:43] Black mates.} 58. Ke3 Kc4 59. Kd2 Kb3 60. Rc2 a2 61. Rc3+ Kb4 {[%emt 0:00:14] Weighted Error Value: White=0.85/Black=0.45} 0-1

[Event "Fredericia WIM 2022"]
[Site "Fredericia"]
[Date "2022.05.29"]
[Round "9.3"]
[White "Andersson, Christin"]
[Black "Goossens, Hanne"]
[Result "*"]
[ECO "C05"]
[WhiteElo "2028"]
[BlackElo "2184"]
[Annotator "TA"]
[PlyCount "28"]
[EventDate "2022.05.25"]
[EventType "tourn"]
[EventCountry "DEN"]
[SourceTitle "playchess.com"]
[Source "ChessBase"]
[SourceQuality "1"]
[TimeControl "40/5400+30:1800+30"]

1. e4 e6 2. d4 d5 3. Nd2 Nf6 4. e5 Nfd7 5. Bd3 c5 6. c3 Nc6 7. Ne2 Qb6 8. Nf3 f6 9. exf6 Nxf6 10. O-O Bd6 11. Bf4 {[%emt 0:05:29] C06: French Tarrasch: 3...Nf6 4 e5 Nfd7 5 Bd3 main lines.} Bxf4 12. Nxf4 c4 {[%emt 0:01:41] [#]} (12... O-O $14) 13. Bc2 $1 $16 {[%emt 0:01:41] Strongly threatening Ng5. White is more active.} Qxb2 {[%emt 0:05:08] [#]} 14. Qe2 $146 {[%emt 0:18:28][%cal Oc2g6] aiming for Bg6+!} ({Predecessor:} 14. Qd2 Qb6 15. Rae1 O-O 16. Ng5 Nd8 17. Re3 Nf7 18. Ngxe6 Bxe6 19. Rxe6 Qa5 20. Rfe1 Ng5 21. R6e5 Nge4 22. Bxe4 Nxe4 23. R1xe4 {1-0 (23) Szikszai,B (2133)-Thierry,E (1718) Eger 2021}) 14... Ne4 $2 {[%emt 0:00:55] Black got outplayed after the opening.  Weighted Error Value: White=0.07 (flawless) /Black=0.26 (precise)} (14... Qxc3 $2 15. Nxe6 Kf7 16. Nfg5+ Kg8 17. Nc7 $18) (14... Qa3 $16) *

[Event "Fredericia WIM 2022"]
[Site "Fredericia"]
[Date "2022.05.29"]
[Round "10.1"]
[White "Doluhanova, Evgeniya"]
[Black "Goossens, Hanne"]
[Result "1-0"]
[ECO "B30"]
[WhiteElo "2270"]
[BlackElo "2184"]
[Annotator "TA"]
[PlyCount "119"]
[EventDate "2022.05.25"]
[EventType "tourn"]
[EventCountry "DEN"]
[SourceTitle "playchess.com"]
[Source "ChessBase"]
[SourceQuality "1"]
[TimeControl "40/5400+30:1800+30"]

1. e4 c5 2. Nf3 Nc6 3. Bb5 e5 4. O-O Bd6 5. c3 a6 6. Bc4 {[%emt 0:02:08] B30: Sicilian: 2...Nc6 3 Bb5, lines without ...g6.} Nf6 7. d4 cxd4 (7... Nxe4 $2 8. dxe5 Nxe5 9. Nxe5 Bxe5 10. Qd5 Bxh2+ 11. Kxh2 $18) 8. cxd4 {[%emt 0:00:10] [#] The position is equal.} Nxd4 $146 (8... exd4 $11 9. Re1 Qc7) ({Predecessor:} 8... exd4 9. e5 Bxe5 10. Nxe5 Nxe5 11. Re1 O-O 12. Rxe5 Qc7 13. Bf4 Qxc4 14. Na3 Qb4 {0-1 (48) Baloha,M (2178)-Pavlov,S (2491) Mukachevo 2018}) 9. Nxd4 $16 exd4 10. Re1 (10. Qxd4 $6 Qc7 $11) ({White should play} 10. e5 $1 $16 Bxe5 11. Re1 (11. f4 Bc7 $17)) 10... Qc7 11. e5 $1 Bxe5 (11... Qxc4 $2 12. exf6+ Kd8 13. fxg7 $18) 12. f4 $1 {[%emt 0:02:28][%mdl 64] Pin. White is more active.} (12. Qxd4 $6 d6 13. f4 Be6 14. fxe5 dxe5 15. Qxe5 (15. Rxe5 Rd8 $17) 15... Qxc4 $11) 12... Qxc4 13. Rxe5+ Kf8 $1 14. b3 Qc6 15. Ba3+ Kg8 16. Qxd4 d6 $1 17. Re7 Be6 18. Nc3 Rd8 {[%emt 0:04:46] aiming for ...Kf8.} 19. Qb4 b5 20. Qa5 Rc8 21. Rc1 {[%emt 0:00:16][%cal Oc3b5] Hoping for Nxb5!} h6 22. Ra7 (22. Nd1 $15 Qa8 23. Rxc8+ Qxc8 24. Qd2) 22... Bh3 $2 23. gxh3 $11 Qf3 24. Re7 {[%emt 0:02:56] Inhibits Qe3+. Black must now prevent Ne2.} (24. Qxa6 $2 Rxc3 25. Rxc3 Qxc3 26. Ra8+ (26. Qb7 $2 Qa1+ 27. Kg2 Qxa2+ 28. Kg1 Qb1+ 29. Kf2 Qc2+ 30. Kf3 Kh7 $19) 26... Kh7 27. Rxh8+ Kxh8 28. Qxb5 Qe3+ 29. Kg2 Qe4+ 30. Kg1 Qe3+ 31. Kg2 Qe4+ 32. Kg1 Qe3+ $17) 24... Qxh3 {[%emt 0:03:01] ...Kh7 is the strong threat.} 25. Re2 (25. Qxa6 Rxc3 26. Rxc3 Qxc3 27. Qxb5 Qd4+ 28. Kg2 Nd5 29. Re8+ Kh7 30. Rxh8+ Kxh8 31. Qe8+ Kh7 $17) 25... Qg4+ $2 (25... Kh7 $11 {and Black stays safe.} 26. Qxa6 (26. Bxd6 $2 Nd5 $19) 26... Rxc3 27. Rxc3 Qxc3 28. Qxb5 Qd4+ 29. Kg2 d5) 26. Rg2 $18 Qxf4 27. Qb6 $2 (27. Qxa6 Qe3+ 28. Rf2 Rxc3 29. Rxc3 Qxc3 30. Qxb5 (30. Qxd6 $2 Qe1+ 31. Rf1 Qe3+ 32. Kh1 Qe4+ 33. Kg1 Kh7 $19) 30... Qe1+ 31. Qf1 Qe6 $17) (27. Bb2 $18) 27... Rc5 (27... Nd5 $1 $11 28. Qxa6 (28. Nxd5 $2 Rxc1+ 29. Bxc1 Qxc1+ 30. Kf2 Qd2+ 31. Kf1 Qd1+ 32. Kf2 Qd2+ 33. Kg3 Qg5+ 34. Kh3 Qh5+ 35. Kg3 Qg5+ 36. Kh3 Qh5+ 37. Kg3 Qg5+ $19) 28... Rxc3 29. Rxc3 Qd4+ 30. Rf2 Nxc3 31. Qc8+ Kh7 32. Qf5+ Kg8) 28. Rf1 (28. Qxa6 b4 29. Ne2 (29. Qa8+ $2 Kh7 $19) 29... Qe3+ 30. Kh1 bxa3 $17) (28. Kh1 $16) 28... Qe3+ $11 29. Kh1 {[%emt 0:00:13] The board is on fire.} Rxc3 30. Qxd6 Nh5 $2 (30... Ne8 $1 $11 {and Black has nothing to worry.} 31. Qf8+ Kh7 32. Qxf7 Qe4) 31. Qf8+ $1 $18 Kh7 32. Qxf7 Qe8 33. Qf5+ Kg8 34. Bc5 {[%emt 0:05:14] Against Re3} Qc6 $2 (34... a5 35. a4 b4) 35. b4 (35. Qxh5 $142 Rg3 36. hxg3) 35... Qe8 36. Qd5+ $2 (36. Bd4 Rc7 37. Kg1 Qf7 $18) (36. Rg6) 36... Kh7 37. Qf5+ $2 $40 {[%emt 0:00:02][%mdl 128] White attacks.} (37. Rf7 Rc1+ 38. Bg1) 37... Kg8 $1 (37... g6 38. Qf7+ Ng7 39. Bd4 Qxf7 40. Rxf7 Rc1+ 41. Rg1 Rxg1+ 42. Kxg1 $14) 38. a3 {[%emt 0:00:33] Strongly threatening Rg6.} ({Less strong is} 38. Bd4 Rc7 39. Kg1 Rd7 $18) 38... Rc4 39. Qd5+ ({Only move:} 39. Rfg1 $18 {[%cal Of5h5] Threatening mate with Qxh5!} Rh7 40. Qd5+ (40. Rf1 g5 $11) 40... Kh8 41. Re2 $3 ) 39... Kh7 $11 40. Qf5+ (40. Rf7 $11 Rf4 41. Rgxg7+ $1 Nxg7 42. Rxf4) 40... Kg8 $18 41. Kg1 $2 (41. Rfg1 $18 {[%cal Of5h5] White wants to mate with Qxh5!} Rh7 42. Qd5+ (42. Rf1 g5 $11) 42... Kh8 {[#]} 43. Re2 $3 ) 41... Rc3 $2 (41... Re4 $14) 42. Qd5+ $2 (42. Rg6 $18 Re3 43. Bxe3 Qxe3+ 44. Kh1) 42... Kh7 $14 43. Qf5+ $2 (43. Bd4 $16 Rc4 44. Qf5+ g6 45. Qd5) 43... Kg8 $18 {[%emt 0:00:04] Black is now going downhill.} 44. Qb1 Rxc5 45. bxc5 Qe3+ 46. Kh1 {[%emt 0:00:51] Intending Qf5 and mate.} Nf4 47. Qa2+ Kh7 48. Qc2+ Kg8 49. Rgf2 g5 {[%emt 0:00:35] [#]} 50. Rxf4 $1 gxf4 {[%emt 0:00:11] KQR-KQR} 51. Qg6+ Kf8 52. Qf6+ Ke8 53. Qxh8+ Ke7 54. Qg7+ Ke8 55. Qg6+ Ke7 56. Qd6+ Ke8 57. Qxf4 (57. Rxf4 $142 Qe1+ 58. Kg2 Qe2+ 59. Rf2 Qg4+ 60. Kf1 Qc4+ 61. Re2+ Kf7 62. c6) 57... Qxc5 58. Qf7+ (58. Qb8+ $142 Kd7 59. Rf7+ Ke6 60. Qe8+ Kd5 61. Rf5+ Kd4 62. Qh8+ Kc4 63. Qg8+ Kc3 64. Rxc5+ Kd4 65. Qd5+ Ke3 66. Rc3+ Ke2 67. Qg2+ Kd1 68. Rc2 h5 69. Qe2#) 58... Kd8 59. Rd1+ Kc8 60. Qe6+ {[%emt 0:00:07] Weighted Error Value: White=1.15/Black=0.76} 1-0

[Event "Fredericia WIM 2022"]
[Site "Fredericia"]
[Date "2022.05.29"]
[Round "10.2"]
[White "Andersson, Christin"]
[Black "Dwilewicz, Katarzyna"]
[Result "1/2-1/2"]
[ECO "B47"]
[WhiteElo "2028"]
[BlackElo "2079"]
[Annotator "TA"]
[PlyCount "133"]
[EventDate "2022.05.25"]
[EventType "tourn"]
[EventCountry "DEN"]
[SourceTitle "playchess.com"]
[Source "ChessBase"]
[SourceQuality "1"]
[TimeControl "40/5400+30:1800+30"]

1. e4 c5 2. Nf3 e6 3. d4 cxd4 4. Nxd4 Nc6 5. Nc3 Qc7 6. a3 a6 7. Nxc6 {[%emt 0:00:54] B46: Sicilian: Taimanov: 5 Nc3 a6.} bxc6 8. Qf3 Nf6 9. Bd3 {[%emt 0:03:06] The position is equal.} Be7 {[%emt 0:03:15] [#]} 10. O-O $146 ({Predecessor:} 10. Na4 d6 11. O-O O-O 12. Bd2 Bd7 13. b4 e5 14. h3 d5 15. Nc5 Bxc5 16. bxc5 {0-1 (72) Brambilla,A (1374)-Maggioni,O (1550) Bergamo 2006}) 10... d5 11. Bf4 e5 12. Bg5 $36 {[%emt 0:05:50][%mdl 2048] Strongly threatening Bxf6. White has the initiative.} d4 13. Bxf6 Bxf6 14. Ne2 Qe7 {[%emt 0:05:54] [#]} (14... Rb8 $15 {stays ahead.}) 15. Nxd4 $1 $16 Qc7 (15... exd4 16. e5) 16. Nf5 g6 17. Ne3 Bg7 18. Rad1 O-O 19. Bc4 Rb8 20. Bb3 a5 21. Qe2 {[%emt 0:01:38] White is much more active.} Qa7 ({Less strong is} 21... a4 22. Bxa4 Be6 23. Nc4) 22. a4 Rb4 23. Qf3 Qe7 24. Rfe1 h5 25. h3 Ba6 26. Nf1 Bh6 27. Qc3 Rc8 28. Nd2 Kh7 29. Nc4 Bxc4 30. Bxc4 Rxa4 31. Ra1 Rxa1 32. Rxa1 Rd8 33. Qxa5 Rd2 34. Qc3 Qc5 35. Rf1 Rxf2 36. Rxf2 Be3 {[%emt 0:00:04] [#]} 37. Bxf7 $1 Bxf2+ 38. Kf1 $1 Qxc3 39. bxc3 $14 {[%emt 0:00:05][%mdl 4096] Endgame KB-KB} Be3 40. Ke2 Bg1 41. Kd3 Kg7 42. Be8 c5 43. Kc4 Kf6 44. Kd5 h4 45. Kc4 Bf2 46. Kd3 Be1 47. Bd7 Kg5 48. Be8 Kf6 49. Kc4 Bf2 $1 50. Bd7 Ke7 51. Bg4 Kf6 52. Kd3 Be1 53. Bc8 Kg5 54. Bg4 Kf4 55. Bf3 g5 56. Bg4 Kg3 57. Bf5 Kf4 58. Be6 Kg3 59. Kc4 Bf2 60. Kd5 {[%emt 0:01:37] White has an edge.} Kf4 61. Bf5 Be3 62. Bg4 Bg1 63. Bf3 Be3 64. Be2 Bg1 65. Bg4 Be3 66. Bf3 Bg1 67. Bg4 {[%emt 0:01:41] Weighted Error Value: White=0.09 (flawless) /Black=0.10 (very precise)} 1/2-1/2

[Event "Fredericia WIM 2022"]
[Site "Fredericia"]
[Date "2022.05.29"]
[Round "10.3"]
[White "Lach, Aleksandra"]
[Black "Durrfeld, Sofie Bech"]
[Result "1-0"]
[ECO "B23"]
[WhiteElo "2202"]
[BlackElo "1773"]
[Annotator "TA"]
[PlyCount "63"]
[EventDate "2022.05.25"]
[EventType "tourn"]
[EventCountry "DEN"]
[SourceTitle "playchess.com"]
[Source "ChessBase"]
[SourceQuality "1"]
[TimeControl "40/5400+30:1800+30"]

1. e4 c5 2. Nc3 d6 3. Nge2 g6 4. g3 Bg7 5. Bg2 Nc6 6. d3 Nf6 7. h3 Bd7 8. Be3 O-O 9. Qd2 Rb8 10. Bh6 b5 11. Bxg7 Kxg7 12. O-O e6 {[%emt 0:07:41] [#]} 13. g4 $146 {[%emt 0:12:43] B26: Closed Sicilian: 3 g3, lines with early Be3.} ({Predecessor:} 13. f4 b4 14. Nd1 d5 15. e5 Ne8 16. Ne3 f6 17. Ng4 h5 18. exf6+ Nxf6 19. Ne5 Qc7 20. Nxc6 Bxc6 21. d4 Bb5 22. Rfe1 Rfe8 23. Kh2 Bxe2 24. Rxe2 Re7 25. Rae1 Rbe8 {½-½ (25) Bagh,K (1947)-Herting,M (1746) Verden 2019}) 13... b4 14. Nd1 Qc7 ({Better is} 14... h5 $15) 15. Ne3 $14 {[%emt 0:06:40] White is slightly better.} Rfd8 16. Ng3 h6 17. f4 Bc8 (17... a5 $14) 18. Qf2 ({Don't do} 18. g5 hxg5 19. fxg5 Nh7) 18... Bb7 19. h4 Rh8 ({Black should try} 19... Rf8 $14) 20. f5 (20. e5 $16 Ne8 21. Bxc6 Qxc6 22. a3) 20... Rbf8 21. g5 hxg5 (21... Nd7 $11) 22. hxg5 $16 Nh5 ({Black should play} 22... Nd7 $14) 23. Nxh5+ Rxh5 {[%emt 0:00:26] A mistake that costs the game.} (23... gxh5 $16 24. Bh3 Ne5) 24. fxe6 {[%emt 0:00:37] Really sharp!} d5 $2 {[%emt 0:02:41] [#]} (24... Ne5 25. c3 Re8) 25. Qf6+ $18 Kh7 (25... Kg8 $142) 26. Qxf7+ Rxf7 27. Rxf7+ Qxf7 28. exf7 Kg7 29. Rf1 Kf8 30. Nxd5 ({Less strong is} 30. exd5 Ne5 31. Rf4 Rxg5 $18) 30... Ne5 $2 (30... Bc8 31. Rf6 Ne5) 31. Nf4 {[%emt 0:00:38] [#] Threatening mate with Ne6+.} Rh8 32. Ne6+ {[%emt 0:00:11] Weighted Error Value: White=0.39/Black=0.64} 1-0